 Dungeon Crawl Stone Soup version 0.18-a0-888-gdb73dea (console) character file.

28 Daisuki the Chopper (level 2, 0/26 HPs)
             Began as a Minotaur Fighter on Dec 24, 2015.
             Killed from afar by Robin (6 damage)
             ... with a wand of magic darts
             ... on level 2 of the Dungeon.
             The game lasted 00:07:07 (749 turns).

Daisuki the Chopper (Minotaur Fighter)               Turns: 749, Time: 00:07:07

Health: 0/26       AC:  6    Str: 25    XL:     2   Next: 96%
Magic:  1/1        EV:  7    Int:  5    God:
Gold:   53         SH:  9    Dex:  9    Spells: 0 memorised, 1 level left

rFire  . . .     SeeInvis .     a - +0 war axe
rCold  . . .     Gourm    .     b - +0 scale mail
rNeg   . . .     Faith    .     c - +0 shield
rPois  .         Spirit   .     (helmet restricted)
rElec  .         Dismiss  .     (no cloak)
rCorr  .         Reflect  .     (no gloves)
SustAt .         Harm     .     (no boots)
MR     .....                    (no amulet)
Stlth  ..........               (no ring)
                                (no ring)

@: mighty, not resistant to hostile enchantments, extremely unstealthy
A: retaliatory headbutt, horns 2
a: no special abilities


You were on level 2 of the Dungeon.
You were not hungry.

You visited 1 branch of the dungeon, and saw 2 of its levels.

You collected 53 gold pieces.

Inventory:

Hand Weapons
 a - a +0 war axe (weapon)
Missiles
 e - 43 stones (quivered)
Armour
 b - a +0 scale mail (worn)
 c - a +0 shield (worn)
Scrolls
 g - 2 scrolls of remove curse {unknown}
Potions
 i - a potion of ambrosia {unknown}
 k - a potion of curing {unknown}
Comestibles
 f - a bread ration
 j - a slice of pizza


   Skills:
 - Level 3.6 Fighting
 * Level 4.2 Axes
 - Level 3.6 Armour
 - Level 3.6 Shields


You had one spell level left.
You didn't know any spells.

Dungeon Overview and Level Annotations

Branches:
Dungeon (2/15)

Altars:

Annotations:
D:2 Robin


Innate Abilities, Weirdness & Mutations

You reflexively headbutt those who attack you in melee.
You have a pair of horns on your head.


Message History

Welcome, Daisuki the Minotaur Fighter.
It is said that the Orb of Zot exists deep within this dungeon, but nobody has ever found it.
Press ? for a list of commands and other information.
Found 16 stones and 2 scrolls labeled DUNAMI IWKORCHUPS.
Found a staircase leading out of the dungeon.
Adjust (i)tems, (s)pells, or (a)bilities?
You don't currently have any abilities.
You don't know any spells.
e - 16 stones
Found 4 gold pieces.
g - 2 scrolls labeled DUNAMI IWKORCHUPS
Found a dagger.
You now have 4 gold pieces.
Press: ? - help, v - describe, . - travel The floor.
A rat comes into view.
You closely miss the rat. You headbutt the rat.
You kill the rat!
No target in view!
You see here a rat corpse.
You butcher the rat corpse.
h - a chunk of flesh A ball python comes into view.
You hit the ball python but do no damage.
Your headbutt misses the ball python. The ball python barely misses you.
The ball python closely misses you.
The ball python bites you but does no damage.
You block the ball python's attack.
You slash the ball python!
You kill the ball python!
No target in view!
You see here a ball python corpse.
You butcher the ball python corpse.
h - 3 chunks of flesh (gained 2)
A rat comes into view.
The rat closely misses you.
You closely miss the rat. Your headbutt misses the rat.
The rat bites you but does no damage.
You hit the rat.
You kill the rat!
No target in view!
No target in view!
i - a green potion A rat comes into view.
The rat bites you but does no damage.
You hit the rat.
You kill the rat!
No target in view!
No target in view!
You see here a rat corpse.
You butcher the rat corpse.
h - 4 chunks of flesh (gained 1)
j - a slice of pizza A giant newt comes into view.
You closely miss the giant newt. The giant newt closely misses you.
The giant newt bites you but does no damage.
You closely miss the giant newt. You headbutt the giant newt.
You kill the giant newt!
No target in view!
No target in view!
No target in view!
You see here a giant newt corpse.
You butcher the giant newt corpse.
h - 5 chunks of flesh (gained 1)
A ball python comes into view.
The ball python bites you but does no damage.
The ball python closely misses you. The ball python barely misses you.
You block the ball python's attack.
You completely miss the ball python. Your headbutt misses the ball python.
You block the ball python's attack. The ball python barely misses you.
You hit the ball python.
You kill the ball python!
Your Axes skill increases to level 3!
You see here a ball python corpse.
You butcher the ball python corpse.
h - 7 chunks of flesh (gained 2)
You see here a ball python skeleton.
You now have 17 gold pieces (gained 13).
A goblin comes into view.
The goblin shouts!
The goblin barely misses you.
You slash the goblin!
You kill the goblin!
No target in view!
No target in view!
You see here a goblin corpse.
You butcher the goblin corpse.
h - 10 chunks of flesh (gained 3) Some of the chunks of flesh in your inventory have rotted away.
Some of the chunks of flesh in your inventory have rotted away.
A bat comes into view.
The bat hits you but does no damage.
You slash the bat!
You kill the bat!
No target in view!
No target in view!
You see here a bat corpse.
You butcher the bat corpse.
h - 8 chunks of flesh (gained 1) Some of the chunks of flesh in your inventory have rotted away.
Found a stone staircase leading down.
There is a stone staircase leading down here.
A giant newt comes into view.
You block the giant newt's attack.
You barely miss the giant newt. Your headbutt misses the giant newt.
You block the giant newt's attack.
The giant newt bites you but does no damage.
You closely miss the giant newt. The giant newt barely misses you.
You furiously retaliate!
You headbutt the giant newt.
You kill the giant newt!
No target in view!
You see here a giant newt corpse.
You butcher the giant newt corpse.
h - 8 chunks of flesh (gained 1)
A hobgoblin comes into view. It is wielding a club.
The hobgoblin shouts!
You barely miss the hobgoblin. Your headbutt misses the hobgoblin.
The hobgoblin hits you but does no damage.
Your shield and scale mail prevent you from hitting the hobgoblin.
The hobgoblin hits you with a club.
You slash the hobgoblin!
You kill the hobgoblin!
You have reached level 2!
Some of the chunks of flesh in your inventory have rotted away.
Things that are here:
a club; a hobgoblin corpse You butcher the hobgoblin corpse.
h - 9 chunks of flesh (gained 2)
You see here a club.
You see here a club.
HP restored.
You now have 29 gold pieces (gained 12).
Some of the chunks of flesh in your inventory have rotted away.
Found a leather armour.
A hobgoblin comes into view.
You see here a leather armour.
You slash the hobgoblin!
You kill the hobgoblin!
No target in view!
No target in view!
Found a stone staircase leading down.
A hobgoblin and a kobold come into view.
The hobgoblin shouts!
The kobold shouts!
You block the kobold's attack.
You hit the kobold.
The kobold is heavily wounded.
You block the kobold's attack.
You hit the kobold.
The kobold is severely wounded.
The kobold hits you but does no damage.
You closely miss the kobold. Your headbutt misses the kobold.
The kobold is severely wounded.
The kobold hits you with a short sword. The kobold closely misses you.
You hit the kobold.
You kill the kobold!
A hobgoblin comes into view. It is wielding a club.
The hobgoblin shouts!
You hit the hobgoblin but do no damage. Your headbutt misses the hobgoblin.
The hobgoblin closely misses you. The hobgoblin hits you with a club.
You slash the hobgoblin!
You kill the hobgoblin!
Things that are here:
a club; a cyan potion The hobgoblin hits you but does no damage.
Some of the chunks of flesh in your inventory have rotted away.
You closely miss the hobgoblin. You block the hobgoblin's attack.
You hit the hobgoblin.
The hobgoblin is moderately wounded.
The hobgoblin hits you but does no damage.
You barely miss the hobgoblin.
The hobgoblin is moderately wounded.
The hobgoblin barely misses you.
The hobgoblin hits you but does no damage.
You closely miss the hobgoblin.
The hobgoblin is lightly wounded.
You block the hobgoblin's attack.
You hit the hobgoblin but do no damage.
You headbutt the hobgoblin, but do no damage.
The hobgoblin is lightly wounded.
The hobgoblin hits you but does no damage.
You slash the hobgoblin!
You kill the hobgoblin!
No target in view!
No target in view!
No target in view!
No target in view!
k - a cyan potion You see here a club.
Press: ? - help, v - describe, . - travel, g - get item A short sword.
There is something else lying underneath.
The floor.
e - 18 stones (gained 2)
You see here a short sword.
You now have 37 gold pieces (gained 8).
Found a stone staircase leading down.
Some of the chunks of flesh in your inventory have rotted away.
Some of the chunks of flesh in your inventory have rotted away.
All of the chunks of flesh in your inventory have rotted away.
A hobgoblin comes into view.
You block the hobgoblin's attack.
You slash the hobgoblin!
You kill the hobgoblin!
No target in view!
No target in view!
There is a stone staircase leading down here.
Done exploring.
Done exploring.
A rat comes into view.
Your shield and scale mail prevent you from hitting the rat.
You block the rat's attack. x2
You slash the rat!
You kill the rat!
No target in view!
No target in view!
There is a stone staircase leading down, spattered with blood here.
You climb downwards.
Found 25 stones, two leather armours and 16 gold pieces.
There is a stone staircase leading up here.
e - 43 stones (gained 25)
There is a stone staircase leading up here.
You climb upwards.
There is a stone staircase leading down, spattered with blood here.
You see here a club.
There is a stone staircase leading down here.
You climb downwards.
There is a stone staircase leading up here.
Press: ? - help, v - describe, . - travel A closed door.
You now have 53 gold pieces (gained 16).
There is a stone staircase leading up here.
Press: ? - help, v - describe, . - travel A silver wall.
You climb upwards.
There is a stone staircase leading down here.
You see here a leather armour.
There is a stone staircase leading down here.
Search for what [? for help]?
D:1 You climb downwards.
A goblin comes into view.
The goblin shouts!
Found a whip.
Found an escape hatch in the ceiling.
There is a stone staircase leading up here.
Press: ? - help, v - describe, . - travel An escape hatch in the ceiling.
A goblin comes into view.
It is wielding a dagger. 4 goblins, 2 hobgoblins and Robin come into view.
The goblin shouts!
The hobgoblin shouts!
The goblin shouts!
The hobgoblin shouts!
The goblin shouts!
The goblin shouts!
The goblin hits you but does no damage. The goblin hits you.
Robin roars a battlecry!
The goblins go into a battle-frenzy!
Robin moves out of view.
Found a bread ration.
Found a stone staircase leading down.
You slash the goblin!
You kill the goblin!
You closely miss the goblin. You barely miss the goblin.
The goblin completely misses you. The goblin barely misses you.
The goblin barely misses you. You furiously retaliate!
You headbutt the goblin.
You kill the goblin!
Robin throws the goblin at you! The goblin hits you but does no damage.
Press: ? - help, v - describe, . - travel
Here: Robin, wielding a whip, wearing an animal skin and wearing a helmet The floor.
You hit the hobgoblin. You headbutt the hobgoblin.
You kill the hobgoblin!
You slash the goblin!
You kill the goblin!
You hit the goblin but do no damage.
The goblin barely misses you. 2 goblins come into view.
Unknown command.
You closely miss the goblin. x2
The goblin shouts! x2
The goblin hits you but does no damage. You block the goblin's attack.
Robin throws the goblin at you! The goblin hits you.
Unknown command.
You miss the goblin. You barely miss the goblin. You hit the goblin.
You kill the goblin!
You block the goblin's attack. The goblin hits you but does no damage.
Unknown command.
You closely miss the goblin. x2
The goblin hits you but does no damage. You block the goblin's attack.
The goblin barely misses you.
You slash the goblin!
You kill the goblin!
Your Axes skill increases to level 4!
You barely miss the goblin. You block the goblin's attack.
You block the goblin's attack.
You hit the goblin.
You kill the goblin!
You miss the goblin.
The goblin wields a hunting sling.
The goblin shoots a stone.
You block the stone. You block the goblin's attack.
You completely miss the goblin. You headbutt the goblin.
The goblin is severely wounded.
Robin throws the goblin at you! You block the goblin's attack.
The goblin shoots a stone.
The stone hits you. The goblin barely misses you. You furiously retaliate!
You headbutt the goblin!
You kill the goblin!
You hit the goblin.
You kill the goblin!
The goblin shoots a stone.
You block the stone.
You closely miss the goblin.
Robin zaps a wand.
The magic dart hits you!
It is a wand of magic darts.
The goblin unwields an uncursed hunting sling.
The goblin hits you but does no damage.
You completely miss the goblin. You block the goblin's attack.
The hobgoblin hits you.
* * * LOW HITPOINT WARNING * * *
You completely miss the goblin. You closely miss the hobgoblin.
The goblin hits you but does no damage.
The hobgoblin hits you but does no damage.
The goblin hits you.
* * * LOW HITPOINT WARNING * * *
Drink which item? (? for menu, Esc to quit)
You feel very mighty all of a sudden.
Robin roars a battlecry!
The goblins go into a battle-frenzy!
The hobgoblin barely misses you. You block the goblin's attack.
You barely miss the goblin. You slash the hobgoblin!
You kill the hobgoblin!
The goblin hits you but does no damage. Robin hits you but does no damage.
You barely miss Robin. You headbutt Robin!
Robin is heavily wounded.
You slash the goblin!
You kill the goblin!
Robin zaps a wand.
The magic dart hits you!
* * * LOW HITPOINT WARNING * * *
You hit Robin.
Robin is severely wounded.
Robin zaps a wand.
The magic dart hits you!
You die...

#. ..# # .# # ..
.. .. #.> .<.
#... #####.....
##%.###.<.......
#....g#.###.....
#)@)# ... #..##
. #... #)#.# ..
.. ..# ### #.#
#.


You could see Robin.

Vanquished Creatures
  Monster Symbol All 'K'
  A kobold (D:1)
1 creature vanquished. All 'S' 2 ball pythons (D:1)
2 creatures vanquished. All 'b' A bat (D:1)
1 creature vanquished. All 'g' 7 hobgoblins (D:1 D:2) 10 goblins (D:1 D:2)
17 creatures vanquished. All 'l' 2 giant newts (D:1)
2 creatures vanquished. All 'r' 4 rats (D:1)
4 creatures vanquished.
27 creatures vanquished. Monster Nature Natural Monsters 2 ball pythons (D:1) 7 hobgoblins (D:1 D:2) A kobold (D:1) A bat (D:1) 2 giant newts (D:1) 10 goblins (D:1 D:2) 4 rats (D:1)
27 creatures vanquished.
27 creatures vanquished. Ascending Order A kobold (D:1) A bat (D:1) 2 ball pythons (D:1) 2 giant newts (D:1) 4 rats (D:1) 7 hobgoblins (D:1 D:2) 10 goblins (D:1 D:2)
27 creatures vanquished.

Notes
Turn   | Place    | Note
--------------------------------------------------------------
     0 | D:1      | Daisuki the Minotaur Fighter began the quest for the Orb.
     0 | D:1      | Reached XP level 1. HP: 19/19 MP: 0/0
   183 | D:1      | Reached skill level 3 in Axes
   363 | D:1      | Reached XP level 2. HP: 24/26 MP: 1/1
   733 | D:2      | Noticed Robin
   739 | D:2      | Reached skill level 4 in Axes
   749 | D:2      | Killed from afar by Robin

Vault maps used:
D:1:      dpeg_arrival_stone_temple_mockup
D:2:      grunt_temple_overflow_gold_and_silver, first_bread, uniq_robin

Action                   || total
-------------------------++-------
Melee: War axe           ||    48
  Use: Potion            ||     1
